 Dungeon Crawl Stone Soup version 0.20-a0-957-g47ad1fd (webtiles) character file.

85 M4edhros the Grave Robber (level 4, 0/27 HPs)
             Began as an Octopode Necromancer on Apr 5, 2017.
             Slain by an orc
             ... wielding a +0 flail
              (10 damage)
             ... on level 3 of the Dungeon.
             The game lasted 00:03:15 (656 turns).

M4edhros the Grave Robber (Octopode Necromancer)     Turns: 656, Time: 00:03:15

Health: 0/27       AC:  1    Str:  7    XL:     4   Next: 48%
Magic:  4/7        EV: 13    Int: 17    God:
Gold:   19         SH:  0    Dex: 13    Spells: 2/7 levels left

rFire    . . .     SeeInvis .     - Unarmed
rCold    . . .     Gourm    .   (no shield)
rNeg     . . .     Faith    .   (helmet restricted)
rPois    .         Spirit   .   (no amulet)
rElec    .         Reflect  .   (no ring)
rCorr    .         Harm     .   (no ring)
MR       .....                  (no ring)
Stlth    +++.......             (no ring)
Regen    0.1/turn               (no ring)
MPRegen  0.1/turn               (no ring)
                                (no ring)
                                (no ring)

@: no status effects
A: almost no armour, stealthy swim, amphibious, 8 rings, constrict 8, camouflage
1, gelatinous body 1
a: no special abilities


You were on level 3 of the Dungeon.
You were not hungry.

You visited 1 branch of the dungeon, and saw 3 of its levels.

You collected 19 gold pieces.

Inventory:

Hand Weapons
 g - a +0 hunting sling
Armour
 k - a +0 buckler
Scrolls
 c - 3 scrolls of fear {unknown}
 d - 2 scrolls of identify {unknown}
 e - 2 scrolls of noise {unknown}
 h - a scroll of teleportation {unknown}
 j - 2 scrolls of fog {unknown}
Potions
 i - a potion of invisibility {unknown}
 m - a potion of curing
Books
 a - a book of Necromancy

   Spells                             Type                      Level
   a - Pain                           Necromancy                   1
   b - Animate Skeleton               Necromancy                   1
   c - Vampiric Draining              Necromancy                   3
   d - Regeneration                   Charms/Necromancy            3
   e - Animate Dead                   Necromancy                   4
   f - Control Undead                 Necromancy                   4
Comestibles
 b - 2 bread rations
 f - 4 chunks of flesh
 l - a meat ration


   Skills:
 - Level 2.0 Dodging
 - Level 2.6 Stealth
 + Level 3.9 Unarmed Combat
 - Level 2.0 Spellcasting
 - Level 4.0 Necromancy


You had 2 spell levels left.
You knew the following spells:

 Your Spells              Type           Power        Failure   Level  Hunger
a - Pain                  Necr           ###.         3%          1    #......
b - Animate Skeleton      Necr           N/A          3%          1    #......
c - Regeneration          Chrm/Necr      #.........   24%         3    ###....


Dungeon Overview and Level Annotations

Branches:
Dungeon (3/15)

Altars:
Okawaru


Innate Abilities, Weirdness & Mutations

You cannot wear most types of armour.
You are very stealthy in the water. (Stealth+)
You are amphibious.
You can wear up to eight rings at the same time.
You can use your tentacles to constrict eight enemies at once.
Your skin changes colour to match your surroundings (Stealth+).
Your rubbery body absorbs attacks. (AC +1, EV +1)


Message History

You barely miss the orc. Your grab misses the orc.
Your tentacle-slap misses the orc.
Your squeeze misses the orc.
Some of the chunks of flesh in your inventory have rotted away.
You barely miss the orc. Your grab misses the orc.
The orc hits you with a flail. The orc hits you with a club!
You barely miss the orc. Your grab misses the orc.
The orc hits you with a club. The orc closely misses you.
You completely miss the orc. Your grab misses the orc. You squeeze the orc.
The orc is heavily wounded.
The orc hits you with a club. The orc hits you with a flail.
* * * LOW HITPOINT WARNING * * *
It was a potion of curing.
You feel better. The orc misses you.
You closely miss the orc. You grab the orc. You constrict the orc.
The orc barely misses you.
You tentacle-slap the orc but do no damage.
You grab the orc.
You tentacle-slap the orc, but do no damage.
The orc is moderately wounded.
You constrict the orc. x2; The orc misses you.
The orc hits you with a flail!
You die...

....... ....... ##.......
#.....o.. ## .....o... #.
#...%.... ... ###. #........
#.. ....####o# #..# ##...o@#
######## #.. #.....## #......#
##..### #....## #......#
#.....####....# #......#
...#...........# #......#
......).[......# ######.####
...............# ###......#
...............######...######
...............##.....###


You could see 2 orcs.

Vanquished Creatures
  An orc wizard (D:3)
  An adder (D:2)
  An ooze (D:1)
  2 worms
  4 orcs (D:3)
  4 bats (D:2)
  5 goblins
  2 hobgoblins
  5 jackals
  2 kobolds
  3 rats
30 creatures vanquished.

Vanquished Creatures (collateral kills)
  An orc (D:3)
  A hobgoblin (D:2)
  A frilled lizard (D:2)
3 creatures vanquished.

Grand Total: 33 creatures vanquished

Notes
Turn   | Place    | Note
-------+----------+-------------------------------------------
     0 | D:1      | M4edhros the Octopode Necromancer began the quest for the Orb.
     0 | D:1      | Reached XP level 1. HP: 11/11 MP: 3/3
     1 | D:1      | Noticed an electric eel
    27 | D:1      | Learned a level 1 spell: Animate Skeleton
    88 | D:1      | Reached skill level 1 in Unarmed Combat
    97 | D:2      | Reached XP level 2. HP: 12/17 MP: 5/5
   207 | D:1      | You fall through a shaft!
   266 | D:1      | Reached XP level 3. HP: 9/21 MP: 4/6
   271 | D:1      | Learned a level 3 spell: Regeneration
   377 | D:3      | Found an iron altar of Okawaru.
   642 | D:3      | Reached XP level 4. HP: 26/27 MP: 3/7
   656 | D:3      | Slain by an orc

Vault maps used:
D:1:      arrival_aquarium_a, serial_bayou_lake_a
D:2:      tgw_xom, chequers_ecumenical_altar_twisty, first_bread
D:3:      okawaru_metal_pillars_1_2

Skill      XL: |  1  2  3 |
---------------+----------+-----
Unarmed Combat | 1 2 3 |  3.9
Dodging        | |  2.0
Stealth        | |  2.6
Spellcasting   | |  2.0
Necromancy     | |  4.0

Action                   |  1- 3 |  4- 6 || total
-------------------------+-------+-------++-------
Melee: Unarmed           |    87 |    13 ||   100
       Tentacles         |    17 |     2 ||    19
       Constrict         |    23 |     3 ||    26
       Punch             |     2 |     2 ||     4
 Cast: Pain              |     5 |       ||     5
       Animate Skeleton  |     7 |       ||     7
       Regeneration      |     6 |       ||     6
  Use: Potion            |       |     1 ||     1
 Stab: Sleeping          |     5 |       ||     5
Armor: Skin              |     8 |       ||     8
Dodge: Dodged            |    48 |     6 ||    54
